TOP OF THE 1ST |
Toledo Mud Hens batting - Pitching for Norfolk Tides : RHP Ben Knapp
|
Pitching: RHP Ben Knapp
|
|
Batting: SHB Adam Weber
|
0-0: Ball 1-0: Ball 2-0: Swinging Strike 2-1: Ball 3-1: Called Strike 3-2: Foul Ball, location: 2F 3-2: Fly out, F9 (Flyball, 9S, EV 78.8 MPH)
|
Batting: SHB Raul Morales
|
0-0: Ball 1-0: Foul Ball, location: 2F 1-1: Foul Ball, location: 2F 1-2: Ball 2-2: Foul Ball, location: 2F 2-2: Ball 3-2: Strikes out looking
|
Batting: LHB Andy Schumacher
|
0-0: Ball 1-0: Called Strike 1-1: Ball 2-1: Ball 3-1: Base on Balls
|
Batting: RHB Tim Borden
|
0-0: Fly out, F8 (Flyball, 8RD, EV 80.6 MPH)
|
Top of the 1st over - 0 runs, 0 hits, 0 errors, 1 left on base; Toledo 0 - Norfolk 0 |
BOTTOM OF THE 1ST |
Norfolk Tides batting - Pitching for Toledo Mud Hens : RHP Gordie Pierson
|
Pitching: RHP Gordie Pierson
|
|
Batting: LHB Tom Edwards
|
0-0: Ball 1-0: Called Strike 1-1: Fly out, F9 (Flyball, 9LM, EV 93.1 MPH)
|
Batting: RHB Chase Cassidy
|
0-0: SINGLE (Line Drive, 56D, EV 98.8 MPH)
|
Batting: SHB Brian Bentz
|
0-0: Called Strike 0-1: Foul Ball, location: 2F 0-2: Ball 1-2: Ball 2-2: Foul Ball, location: 2F 2-2: 2-RUN HOME RUN (Flyball, 89XD, EV 110.0 MPH), Distance : 430 ft
|
Batting: RHB Mike Hayward
|
0-0: Ball 1-0: Ball 2-0: Foul Ball, location: 2F 2-1: Ground out 6-3 (Groundball, 56, EV 85.0 MPH)
|
Batting: RHB Vince Jackson
|
0-0: Ground out 6-3 (Groundball, 56, EV 80.6 MPH)
|
Bottom of the 1st over - 2 runs, 2 hits, 0 errors, 0 left on base; Toledo 0 - Norfolk 2 |
TOP OF THE 2ND |
Toledo Mud Hens batting - Pitching for Norfolk Tides : RHP Ben Knapp
|
Batting: RHB Steve Clark
|
0-0: Called Strike 0-1: Foul Ball, location: 2F 0-2: Foul Ball, location: 2F 0-2: Foul Ball, location: 2F 0-2: Ground out 6-3 (Groundball, 6, EV 102.5 MPH)
|
Batting: RHB Zach Koblinski
|
0-0: Ball 1-0: Called Strike 1-1: Called Strike 1-2: Strikes out swinging
|
Batting: RHB Paul Wood
|
0-0: Ball 1-0: Ground out 4-3 (Groundball, 4, EV 95.0 MPH)
|
Top of the 2nd over - 0 runs, 0 hits, 0 errors, 0 left on base; Toledo 0 - Norfolk 2 |
BOTTOM OF THE 2ND |
Norfolk Tides batting - Pitching for Toledo Mud Hens : RHP Gordie Pierson
|
Batting: RHB Mario Saez
|
0-0: Called Strike 0-1: Fly out, F7 (Flyball, 7, EV 93.1 MPH)
|
Batting: RHB Tony Logan
|
0-0: Ball 1-0: Called Strike 1-1: Foul Ball, location: 2F 1-2: Ball 2-2: Ball 3-2: SINGLE (Groundball, 15S, EV 66.2 MPH) (infield hit)
|
Batting: RHB Ashton Holloway
|
0-0: Foul Ball, location: 2F 0-1: Ball 1-1: Swinging Strike 1-2: Strikes out swinging
|
Batting: RHB Geoffrey van der Wekken
|
0-0: Ball 1-0: Called Strike 1-1: Ball 2-1: SINGLE (Groundball, 6D, EV 95.6 MPH) Tony Logan to second
|
Batting: LHB Tom Edwards
|
0-0: Called Strike 0-1: Foul Ball, location: 2F 0-2: Ball 1-2: Ball 2-2: Strikes out swinging
|
Bottom of the 2nd over - 0 runs, 2 hits, 0 errors, 2 left on base; Toledo 0 - Norfolk 2 |
TOP OF THE 3RD |
Toledo Mud Hens batting - Pitching for Norfolk Tides : RHP Ben Knapp
|
Batting: RHB Joel Miller
|
0-0: Called Strike 0-1: Called Strike 0-2: Strikes out swinging
|
Batting: RHB Josh Stinnett
|
0-0: Ball 1-0: Fly out, F8 (Flyball, 8LD, EV 98.8 MPH)
|
Batting: SHB Adam Weber
|
0-0: Called Strike 0-1: SINGLE (Groundball, 34D, EV 103.1 MPH)
|
Batting: SHB Raul Morales
|
0-0: Ball Adam Weber is caught stealing 2nd base 2-6
|
Top of the 3rd over - 0 runs, 1 hit, 0 errors, 0 left on base; Toledo 0 - Norfolk 2 |
BOTTOM OF THE 3RD |
Norfolk Tides batting - Pitching for Toledo Mud Hens : RHP Gordie Pierson
|
Batting: RHB Chase Cassidy
|
0-0: SOLO HOME RUN (Flyball, 7D, EV 98.8 MPH), Distance : 392 ft
|
Batting: SHB Brian Bentz
|
0-0: Called Strike 0-1: Swinging Strike 0-2: Strikes out swinging
|
Batting: RHB Mike Hayward
|
0-0: Swinging Strike 0-1: Fly out, F8 (Flyball, 8RXD, EV 106.9 MPH)
|
Batting: RHB Vince Jackson
|
0-0: Called Strike 0-1: Called Strike 0-2: Foul Ball, location: 2F 0-2: Ball 1-2: Ground out 6-3 (Groundball, 6, EV 88.8 MPH)
|
Bottom of the 3rd over - 1 run, 1 hit, 0 errors, 0 left on base; Toledo 0 - Norfolk 3 |
TOP OF THE 4TH |
Toledo Mud Hens batting - Pitching for Norfolk Tides : RHP Ben Knapp
|
Batting: SHB Raul Morales
|
0-0: Ball 1-0: Ball 2-0: Ball 3-0: Base on Balls
|
Batting: LHB Andy Schumacher
|
0-0: Ball 1-0: Called Strike 1-1: Ball 2-1: SINGLE (Groundball, 5D, EV 104.4 MPH) Raul Morales to second
|
Batting: RHB Tim Borden
|
0-0: SINGLE (Line Drive, 56D, EV 98.8 MPH) Raul Morales to third Andy Schumacher to second Runner from 3rd tries for Home, SAFE, throw by LF to home
|
Batting: RHB Steve Clark
|
0-0: Grounds into double play, 6-4-3 (Groundball, 6D, EV 101.9 MPH) Andy Schumacher to third
|
Batting: RHB Zach Koblinski
|
0-0: Ball 1-0: Ball 2-0: Fly out, F5 (Line Drive, 5, EV 66.9 MPH)
|
Top of the 4th over - 1 run, 2 hits, 0 errors, 1 left on base; Toledo 1 - Norfolk 3 |
BOTTOM OF THE 4TH |
Norfolk Tides batting - Pitching for Toledo Mud Hens : RHP Gordie Pierson
|
Batting: RHB Mario Saez
|
0-0: Fly out, F7 (Flyball, 7LS, EV 86.9 MPH)
|
Batting: RHB Tony Logan
|
0-0: TRIPLE (Flyball, 8LXD, EV 106.9 MPH)
|
Batting: RHB Ashton Holloway
|
0-0: Called Strike 0-1: Called Strike 0-2: Ground out 1-3 (Groundball, 13S, EV 64.4 MPH)
|
Batting: RHB Geoffrey van der Wekken
|
0-0: Called Strike 0-1: Foul Ball, location: 2F 0-2: Ball 1-2: Foul Ball, location: 2F 1-2: Ball 2-2: Strikes out swinging
|
Bottom of the 4th over - 0 runs, 1 hit, 0 errors, 1 left on base; Toledo 1 - Norfolk 3 |
TOP OF THE 5TH |
Toledo Mud Hens batting - Pitching for Norfolk Tides : RHP Ben Knapp
|
Batting: RHB Paul Wood
|
0-0: Ball 1-0: Called Strike 1-1: SINGLE (Groundball, 34D, EV 105.6 MPH) (infield hit)
|
Batting: RHB Joel Miller
|
0-0: Ball 1-0: SINGLE (Groundball, 56D, EV 98.1 MPH) Paul Wood to second
|
Batting: RHB Josh Stinnett
|
0-0: Called Strike 0-1: Ball 1-1: Ball 2-1: Ball 3-1: Called Strike 3-2: Grounds into double play, 6-4-3 (Groundball, 56, EV 101.9 MPH) Paul Wood to third
|
Batting: SHB Adam Weber
|
0-0: Called Strike 0-1: Ball 1-1: Ball 2-1: Called Strike 2-2: Foul Ball, location: 2F 2-2: Ball 3-2: Base on Balls
|
Batting: SHB Raul Morales
|
0-0: Ball 1-0: Ball 2-0: Called Strike 2-1: Ball 3-1: Base on Balls Adam Weber to second
|
Batting: LHB Andy Schumacher
|
0-0: Ball 1-0: Called Strike 1-1: Ball 2-1: Swinging Strike 2-2: Strikes out swinging
|
Top of the 5th over - 0 runs, 2 hits, 0 errors, 3 left on base; Toledo 1 - Norfolk 3 |
BOTTOM OF THE 5TH |
Norfolk Tides batting - Pitching for Toledo Mud Hens : RHP Gordie Pierson
|
Batting: LHB Tom Edwards
|
0-0: Called Strike 0-1: Ball 1-1: Called Strike 1-2: Ball 2-2: Ball 3-2: DOUBLE (Line Drive, 89D, EV 101.2 MPH)
|
Batting: RHB Chase Cassidy
|
0-0: Ball Tom Edwards steals 3rd base (no throw) 1-0: Ball 2-0: Foul Ball, location: 2F 2-1: Ball 3-1: Base on Balls
|
Batting: SHB Brian Bentz
|
0-0: Foul Ball, location: 2F 0-1: Called Strike 0-2: Ball 1-2: Foul Ball, location: 2F 1-2: Ball 2-2: Foul Ball, location: 2F 2-2: Fly out, F8 (Line Drive, 8RM, EV 100.0 MPH)
|
Batting: RHB Mike Hayward
|
0-0: Ball Chase Cassidy steals 2nd, throwing error, E2 Tom Edwards scores Chase Cassidy to third 1-0: Foul Ball, location: 2F 1-1: Foul Ball, location: 2F 1-2: Foul Ball, location: 2F 1-2: Fly out, F1 (Line Drive, P, EV 63.8 MPH)
|
Batting: RHB Vince Jackson
|
0-0: Ball 1-0: Foul Ball, location: 2F 1-1: Ball 2-1: Foul Ball, location: 2F 2-2: Ground out 4-3 (Groundball, 4, EV 98.1 MPH)
|
Bottom of the 5th over - 1 run, 1 hit, 1 error, 1 left on base; Toledo 1 - Norfolk 4 |
TOP OF THE 6TH |
Toledo Mud Hens batting - Pitching for Norfolk Tides : RHP Ben Knapp
|
Batting: RHB Tim Borden
|
0-0: Called Strike 0-1: Foul Ball, location: 2F 0-2: Ball 1-2: Strikes out swinging
|
Batting: RHB Steve Clark
|
0-0: Ball 1-0: Ball 2-0: Foul Ball, location: 2F 2-1: Foul Ball, location: 2F 2-2: Ground out 5-3 (Groundball, 56, EV 105.6 MPH)
|
Batting: RHB Zach Koblinski
|
0-0: Called Strike 0-1: Ball 1-1: SINGLE (Groundball, 6MD, EV 96.2 MPH)
|
Batting: RHB Paul Wood
|
0-0: Ball 1-0: Swinging Strike 1-1: 2-RUN HOME RUN (Flyball, 9D, EV 97.5 MPH), Distance : 379 ft
|
Batting: RHB Joel Miller
|
0-0: Called Strike 0-1: Ball 1-1: Foul Ball, location: 2F 1-2: Ball 2-2: Strikes out swinging
|
Top of the 6th over - 2 runs, 2 hits, 0 errors, 0 left on base; Toledo 3 - Norfolk 4 |
BOTTOM OF THE 6TH |
Norfolk Tides batting - Pitching for Toledo Mud Hens : RHP Gordie Pierson
|
Batting: RHB Mario Saez
|
0-0: Fly out, F6 (Popup, 6, EV 56.2 MPH)
|
Batting: RHB Tony Logan
|
0-0: Called Strike 0-1: SOLO HOME RUN (Flyball, 78XD, EV 108.1 MPH), Distance : 427 ft
|
Pitching: RHP Alexis Priego
|
|
Batting: RHB Ashton Holloway
|
0-0: Foul Ball, location: 2F 0-1: Foul Ball, location: 2F 0-2: Ground out U3 (Groundball, 34, EV 91.2 MPH)
|
Pitching: RHP Isma'il bin Burhan
|
|
Batting: RHB Geoffrey van der Wekken
|
0-0: Foul Ball, location: 2F 0-1: Ball 1-1: Ground out 1-3 (Groundball, 13S, EV 64.4 MPH)
|
Bottom of the 6th over - 1 run, 1 hit, 0 errors, 0 left on base; Toledo 3 - Norfolk 5 |
TOP OF THE 7TH |
Toledo Mud Hens batting - Pitching for Norfolk Tides : RHP Ben Knapp
|
Batting: RHB Josh Stinnett
|
0-0: Ball 1-0: Foul Ball, location: 2F 1-1: Ball 2-1: Swinging Strike 2-2: Strikes out swinging
|
Batting: SHB Adam Weber
|
0-0: Called Strike 0-1: Called Strike 0-2: SINGLE (Groundball, 6S, EV 61.2 MPH) (infield hit)
|
Pitching: RHP Tony Huete
|
|
Batting: SHB Raul Morales
|
0-0: Called Strike 0-1: Ball 1-1: Ball 2-1: Fly out, F7 (Flyball, 78S, EV 90.6 MPH)
|
Batting: LHB Andy Schumacher
|
0-0: Ball 1-0: Ball 2-0: Ball 3-0: SINGLE (Flyball, 6D, EV 86.9 MPH) Adam Weber to second
|
Batting: RHB Tim Borden
|
0-0: Fly out, F7 (Line Drive, 7D, EV 84.4 MPH)
|
Top of the 7th over - 0 runs, 2 hits, 0 errors, 2 left on base; Toledo 3 - Norfolk 5 |
BOTTOM OF THE 7TH |
Norfolk Tides batting - Pitching for Toledo Mud Hens : RHP Isma'il bin Burhan
|
Batting: LHB Tom Edwards
|
0-0: Ball 1-0: Ball 2-0: Fly out, F3 (Flyball, 3D, EV 93.8 MPH)
|
Batting: RHB Chase Cassidy
|
0-0: Fly out, F7 (Flyball, 7LM, EV 85.6 MPH)
|
Batting: SHB Brian Bentz
|
0-0: Called Strike 0-1: SOLO HOME RUN (Flyball, 7D, EV 103.8 MPH), Distance : 408 ft
|
Batting: RHB Mike Hayward
|
0-0: Ball 1-0: Fly out, F9 (Flyball, 9D, EV 98.1 MPH)
|
Bottom of the 7th over - 1 run, 1 hit, 0 errors, 0 left on base; Toledo 3 - Norfolk 6 |
TOP OF THE 8TH |
Toledo Mud Hens batting - Pitching for Norfolk Tides : RHP Tony Huete
|
Batting: RHB Steve Clark
|
0-0: Ball 1-0: Ball 2-0: Swinging Strike 2-1: Foul Ball, location: 2F 2-2: Strikes out looking
|
Batting: RHB Zach Koblinski
|
0-0: Ground out 6-3 (Groundball, 6, EV 108.1 MPH)
|
Batting: RHB Paul Wood
|
0-0: Ball 1-0: Swinging Strike 1-1: Foul Ball, location: 2F 1-2: Ball 2-2: Fly out, F8 (Flyball, 89XD, EV 95.0 MPH)
|
Top of the 8th over - 0 runs, 0 hits, 0 errors, 0 left on base; Toledo 3 - Norfolk 6 |
BOTTOM OF THE 8TH |
Norfolk Tides batting - Pitching for Toledo Mud Hens : RHP Isma'il bin Burhan
|
Batting: RHB Vince Jackson
|
0-0: Called Strike 0-1: Fly out, F8 (Flyball, 89XD, EV 98.1 MPH)
|
Batting: RHB Mario Saez
|
0-0: Called Strike 0-1: Called Strike 0-2: Strikes out swinging
|
Batting: RHB Tony Logan
|
0-0: Ball 1-0: SOLO HOME RUN (Flyball, 7D, EV 104.4 MPH), Distance : 410 ft
|
Batting: RHB Ashton Holloway
|
0-0: Ball 1-0: Ground out 6-3 (Groundball, 6, EV 80.6 MPH)
|
Bottom of the 8th over - 1 run, 1 hit, 0 errors, 0 left on base; Toledo 3 - Norfolk 7 |
TOP OF THE 9TH |
Toledo Mud Hens batting - Pitching for Norfolk Tides : RHP Tony Huete
|
Pitching: RHP Wil Martinez
|
|
Batting: RHB Joel Miller
|
0-0: Fly out, F8 (Flyball, 78D, EV 98.8 MPH)
|
Batting: RHB Josh Stinnett
|
0-0: Ball 1-0: Ball 2-0: Ball 3-0: Called Strike 3-1: Foul Ball, location: 2F 3-2: Foul Ball, location: 2F 3-2: Strikes out swinging
|
Batting: SHB Adam Weber
|
0-0: Foul Ball, location: 2F 0-1: Ball 1-1: Swinging Strike 1-2: Ball 2-2: Strikes out looking
|
Top of the 9th over - 0 runs, 0 hits, 0 errors, 0 left on base; Toledo 3 - Norfolk 7 |
|